 Dungeon Crawl Stone Soup version 0.18.1-50-g88ac8fd (webtiles) character file.

3579 Kirkhe the Martial Artist (level 10, -4/87 HPs)
             Began as an Octopode Transmuter on Oct 13, 2016.
             Slain by cba's ghost (9 damage)
             ... on level 10 of the Dungeon.
             The game lasted 00:33:31 (12141 turns).

Kirkhe the Martial Artist (Octopode Transmuter)    Turns: 12141, Time: 00:33:33

Health: -4/87      AC:  3    Str: 15      XL:     10   Next: 10%
Magic:  22/22      EV: 12    Int: 17 (18) God:
Gold:   244        SH:  0    Dex: 11 (13) Spells: 3 memorised, 17 levels left

rFire  . . .     SeeInvis .       - Unarmed
rCold  + . .     Gourm    .     (no shield)
rNeg   + . .     Faith    .     (helmet restricted)
rPois  .         Spirit   .     (no amulet)
rElec  .         Dismiss  .     j - ring of stealth
rCorr  .         Reflect  .     (no ring)
SustAt .         Harm     .     H - ring of positive energy
MR     .....                    (no ring)
Stlth  ..........               (no ring)
                                (no ring)
                                (no ring)
                                (no ring)

@: berserking (expiring), very quick, not resistant to hostile enchantments,
extremely unstealthy
A: almost no armour, amphibious, 8 rings, constrict 8, tentacle spike 1, thin
metallic scales 1, camouflage 1, cold resistance 1, deterioration 1, high mp 1,
wild magic 1, gelatinous body 1
a: no special abilities


You were on level 10 of the Dungeon.
You were not hungry.

You visited 2 branches of the dungeon, and saw 11 of its levels.

You collected 514 gold pieces.
You spent 270 gold pieces at shops.

Inventory:

Missiles
 a - 115 arrows
 m - 22 poisoned needles
Armour
 h - a cursed +0 buckler
Magical Staves
 t - an uncursed staff of death
Jewellery
 j - a ring of stealth (left tentacle)
 G - an uncursed ring of teleportation
 H - a ring of positive energy (on tentacle)
Wands
 f - a wand of confusion (17/48)
 u - a wand of lightning (0/15)
 y - a wand of digging (14/24)
 D - a wand of teleportation (2/9)
 E - a wand of paralysis (0/24)
Scrolls
 d - 2 scrolls of fog
 o - 6 scrolls of remove curse
 A - a scroll of blinking
 I - a scroll of magic mapping
Potions
 g - 3 potions of flight
 p - a potion of heal wounds
 s - a potion of invisibility {unknown}
 v - a potion of agility {unknown}
 w - a potion of brilliance {unknown}
 B - a potion of curing
 K - a potion of lignification {unknown}
Books
 b - a book of Changes

   Spells                             Type                      Level
   a - Beastly Appendage              Transmutation                1
   b - Sticks to Snakes               Transmutation                2
   c - Spider Form                    Transmutation/Poison         3
   d - Ice Form                       Ice/Transmutation            4
   e - Blade Hands                    Transmutation                5
Comestibles
 c - 5 bread rations
 i - 6 meat rations
 k - 10 fruits
 q - 4 beef jerkies
 r - a royal jelly


   Skills:
 - Level 1.0 Fighting
 - Level 2.0 Dodging
 * Level 7.1 Stealth
 + Level 9.3 Unarmed Combat
 + Level 7.1 Spellcasting
 + Level 6.7 Transmutations


You had 17 spell levels left.
You knew the following spells:

 Your Spells              Type           Power        Failure   Level  Hunger
a - Beastly Appendage     Trmt           #####.       1%          1    None
b - Sticks to Snakes      Trmt           #####...     1%          2    None
c - Spider Form           Trmt/Pois      ###.......   14%         3    ##.....


Dungeon Overview and Level Annotations

Branches:
Dungeon (10/15)            Temple (1/1) D:4            Lair (0/8) D:8
    Orc: D:9-12

Altars:
Ashenzari
Dithmenos
Elyvilon
Fedhas
Gozag
Kikubaaqudgha
Makhleb
Nemelex Xobeh
Okawaru
Pakellas
Qazlal
Ru
Sif Muna
Trog
Vehumet
Xom
Yredelemnul
Zin
The Shining One

Shops:
D:5 (   D:6 ?!

Annotations:
D:3 krepi's ghost, amateur MiFi
D:7 Gargoyl's ghost, novice DsAK
D:8 exclusion: ogre
D:9 3 exclusions, baghtru's ghost, novice HOFi
D:10 Psyche; cba's ghost, novice OpAs


Innate Abilities, Weirdness & Mutations

You cannot wear most types of armour.
You are amphibious.
You can wear up to eight rings at the same time.
You can use your tentacles to constrict eight enemies at once.
Your skin changes colour to match your surroundings (Stealth).
Your rubbery body absorbs attacks (AC +1).
One of your tentacles bears a spike.
You are partially covered in thin metallic scales (AC +2).
Your flesh is cold resistant.
Your body sometimes deteriorates upon taking damage.
You have an increased reservoir of magic (+10% MP).
Your spells are a little harder to cast, but a little more powerful.


Message History

Your squeeze misses cba's ghost.
Cba's ghost is moderately damaged.
You miss cba's ghost. You tentacle-slap cba's ghost!
Cba's ghost is heavily damaged.
Cba's ghost hits you but does no damage.
You are electrocuted!
* * * LOW HITPOINT WARNING * * *
You bludgeon cba's ghost!
Your tentacle spike misses cba's ghost.
Cba's ghost is heavily damaged.
You barely miss cba's ghost.
Your tentacle spike misses cba's ghost.
Your squeeze misses cba's ghost.
Cba's ghost is heavily damaged.
Cba's ghost barely misses you.
You miss cba's ghost.
Your tentacle-slap misses cba's ghost.
Your squeeze misses cba's ghost.
Cba's ghost is heavily damaged.
Cba's ghost hits you!
* * * LOW HITPOINT WARNING * * *
You are electrocuted!
You die...

#.#. #.## #...
########... ...........
. ...........
...###########..........
...'.........#..........
#..W@.....'..######..
#.........#..'....#..
#.........#..#....#..
#.........#..'....#..
#.#
#.........#..#....#..
#.#####
###########..######..
#..... ................
#....# ####............
#....# #############


You could see cba's ghost.

Vanquished Creatures
  Pikel (D:6)
  A hungry ghost (D:9)
  Menkaure (D:5)
  2 ice beasts
  An orc warrior (D:10)
  A slave (D:6)
  2 necrophages (D:8)
  A sky beast (D:7)
  An ogre (D:9)
  A centaur (D:8)
  6 giant frogs
  A wyvern skeleton (D:7)
  4 scorpions
  3 crimson imps
  3 howler monkeys
  A giant frog zombie (D:6)
  An orc priest (D:6)
  2 giant frog skeletons
  2 centaur skeletons
  3 hounds
  4 jellies
  8 orc wizards
  Terence (D:2)
  3 iguanas
  Natasha (thrice) (D:2)
  8 worker ants
  2 hound zombies
  2 gnolls (D:10)
  6 adders
  2 shadow imps
  An ooze (D:7)
  An adder zombie (D:6)
  A worm (D:2)
  3 dart slugs
  3 giant geckos
  11 orcs
  3 ball pythons
  8 bats
  A bat zombie (D:8)
  3 giant cockroaches
  5 goblins
  7 hobgoblins
  6 jackals
  3 kobolds
  A quokka (D:9)
  2 giant newts
  A jackal skeleton (D:4)
  6 rats
  4 rat zombies (D:8)
147 creatures vanquished.

Vanquished Creatures (collateral kills)
  A sky beast (D:6)
  A hippogriff (D:9)
  A worker ant (D:5)
  An orc (D:3)
4 creatures vanquished.

Vanquished Creatures (others)
  A centaur (D:6)
  Sigmund (D:6)
  A water moccasin (D:6)
  2 slaves (D:6)
  An ogre (D:6)
  An orc wizard (D:6)
  A quokka skeleton (D:6)
8 creatures vanquished.

Grand Total: 159 creatures vanquished

Notes
Turn   | Place    | Note
--------------------------------------------------------------
     0 | D:1      | Kirkhe the Octopode Transmuter began the quest for the Orb.
     0 | D:1      | Reached XP level 1. HP: 13/13 MP: 3/3
     6 | D:1      | Noticed a minotaur skeleton
     8 | D:1      | Noticed a minotaur skeleton
    17 | D:1      | Noticed a minotaur skeleton
   220 | D:1      | Reached XP level 2. HP: 9/18 MP: 3/5
   790 | D:2      | Noticed Terence
   806 | D:2      | Killed Terence
   806 | D:2      | Reached skill level 4 in Unarmed Combat
   806 | D:2      | Reached XP level 3. HP: 8/23 MP: 6/6
  1114 | D:2      | Noticed Natasha
  1124 | D:2      | Killed Natasha
  1124 | D:2      | Reached XP level 4. HP: 22/28 MP: 5/8
  1243 | D:2      | Found an opulent altar of Gozag.
  1307 | D:2      | Noticed Natasha
  1316 | D:2      | Killed Natasha
  1347 | D:2      | Noticed Natasha
  1356 | D:2      | Killed Natasha
  1356 | D:2      | Reached XP level 5. HP: 26/33 MP: 9/9
  1448 | D:2      | Found a burning altar of Makhleb.
  1829 | D:3      | Learned a level 2 spell: Sticks to Snakes
  2051 | D:3      | Noticed krepi's ghost (amateur MiFi)
  2527 | D:3      | Reached skill level 5 in Unarmed Combat
  2701 | D:3      | Gained mutation: Your body sometimes deteriorates upon taking damage. [potion of mutation]
  2701 | D:3      | Gained mutation: You are weak. (Str -2) [potion of mutation]
  2766 | D:4      | HP: 1/33 [orc wizard/puff of flame (10)]
  2773 | D:4      | Reached XP level 6. HP: 25/38 MP: 11/11
  3112 | D:4      | Found a staircase to the Ecumenical Temple.
  3191 | D:4      | You fall through a shaft!
  3191 | D:5      | Entered Level 5 of the Dungeon
  3204 | D:5      | Learned a level 3 spell: Spider Form
  3513 | D:5      | Found a stormy altar of Qazlal.
  3803 | Temple   | Entered the Ecumenical Temple
  3927 | D:5      | Noticed Menkaure
  4961 | D:5      | Found Ozalen's Weapon Emporium.
  5111 | D:5      | Reached XP level 7. HP: 15/43 MP: 11/13
  5329 | D:5      | Killed Menkaure
  5578 | D:5      | Got a smoking great sword
  5813 | D:6      | Noticed Sigmund
  5815 | D:6      | Found Guilom Sahoz's Distillery.
  6085 | D:6      | Reached skill level 6 in Unarmed Combat
  6212 | D:6      | Bought a potion of heal wounds for 50 gold pieces
  6212 | D:6      | Bought a potion of heal wounds for 50 gold pieces
  6212 | D:6      | Bought a potion of curing for 30 gold pieces
  6212 | D:6      | Bought a potion of heal wounds for 50 gold pieces
  6221 | D:6      | Noticed Pikel
  6228 | D:6      | Found Erosapto's Magic Scroll Shop.
  6240 | D:6      | Reached skill level 5 in Spellcasting
  6281 | D:7      | Noticed Gargoyl's ghost (novice DsAK)
  6317 | D:7      | Reached XP level 8. HP: 13/48 MP: 11/15
  6659 | D:6      | Found an iron altar of Okawaru.
  6804 | D:6      | Killed Pikel
  6804 | D:6      | Reached skill level 7 in Unarmed Combat
  6804 | D:6      | Reached skill level 5 in Transmutations
  6976 | D:6      | Killed Sigmund
  7121 | D:6      | Bought a scroll of magic mapping for 42 gold pieces
  7121 | D:6      | Bought a scroll of identify for 24 gold pieces
  7121 | D:6      | Bought a scroll of identify for 24 gold pieces
  7128 | D:6      | Lost mutation: Your body sometimes deteriorates upon taking damage. [potion of cure mutation]
  7128 | D:6      | Lost mutation: You are weak. (Str -2) [potion of cure mutation]
  7221 | D:6      | Reached XP level 9. HP: 15/53 MP: 16/18
  7693 | D:7      | Identified the +1 great sword "Cycwut" {slice, rPois} (You found it on level 5 of the Dungeon)
  8122 | D:8      | Found a shattered altar of Ashenzari.
  8153 | D:8      | Found a staircase to the Lair.
  8179 | D:8      | Found a white marble altar of Elyvilon.
  8316 | D:8      | Found a sacrificial altar of Ru.
  8605 | D:8      | Gained mutation: You are partially covered in thin metallic scales (AC +2). [potion of mutation]
  8605 | D:8      | Gained mutation: Your body sometimes deteriorates upon taking damage. [potion of mutation]
  8605 | D:8      | Gained mutation: Your spells are a little harder to cast, but a little more powerful. [potion of mutation]
  8606 | D:8      | Gained mutation: You have an increased reservoir of magic (+10% MP). [potion of mutation]
  8606 | D:8      | Gained mutation: Your flesh is cold resistant. [potion of mutation]
  8606 | D:8      | Gained mutation: One of your tentacles bears a spike. [potion of mutation]
  8641 | D:8      | Reached skill level 8 in Unarmed Combat
  8698 | D:8      | Found a glowing golden altar of the Shining One.
  8755 | D:8      | Found a deep blue altar of Sif Muna.
  8756 | D:8      | Found a shimmering altar of Xom.
  8760 | D:8      | Found a blossoming altar of Fedhas.
  9020 | D:7      | Noticed a five-headed hydra
  9057 | D:6      | Reached skill level 1 in Stealth
 10284 | D:8      | Found an ancient bone altar of Kikubaaqudgha.
 10413 | D:9      | Noticed baghtru's ghost (novice HOFi)
 10530 | D:9      | Found a shadowy altar of Dithmenos.
 11164 | D:9      | Reached skill level 9 in Unarmed Combat
 11190 | D:9      | Reached skill level 5 in Stealth
 11431 | D:10     | Entered Level 10 of the Dungeon
 11455 | D:10     | Reached XP level 10. HP: 57/58 MP: 22/22
 11997 | D:10     | Noticed Psyche
 12114 | D:10     | Noticed cba's ghost (novice OpAs)
 12141 | D:10     | Slain by cba's ghost

Skill      XL: |  1  2  3  4  5  6  7  8  9 10 |
---------------+-------------------------------+-----
Unarmed Combat | 4 5 6 7 9 |  9.3
Spellcasting   | 3 4 5 6 7 |  7.1
Transmutations | 3 4 5 6 |  6.7
Stealth        | 5 7 |  7.1
Fighting       | |  1.0
Dodging        | |  2.0

Action                   |  1- 3 |  4- 6 |  7- 9 | 10-12 || total
-------------------------+-------+-------+-------+-------++-------
Melee: Unarmed           |    59 |   130 |   320 |    45 ||   554
       Constrict         |    12 |    32 |    53 |     7 ||   104
       Tentacles         |    12 |    22 |    58 |     6 ||    98
       Kick              |     9 |    33 |    83 |    11 ||   136
       Punch             |     2 |     5 |    22 |     3 ||    32
 Cast: Beastly Appendage |     9 |    25 |    24 |       ||    58
       Sticks to Snakes  |       |     5 |     4 |       ||     9
Evoke: Wand              |       |     1 |    20 |       ||    21
  Use: Scroll            |       |    11 |    11 |       ||    22
       Potion            |       |     4 |     8 |     1 ||    13
 Stab: Sleeping          |     5 |     5 |    11 |     5 ||    26
       Distracted        |     1 |     1 |     1 |       ||     3
       Paralysed         |       |       |    10 |       ||    10
  Eat: Chunk             |     1 |     4 |    13 |     4 ||    22
       Bread ration      |       |     2 |     2 |       ||     4
       Pizza             |       |       |     1 |       ||     1
Armor: Skin              |     9 |     7 |    33 |     5 ||    54
Dodge: Dodged            |    27 |    64 |   169 |    12 ||   272
